Map: Submarine LE

Players

Wickster - Winner!

  • Race: Terran Terran
  • League: Diamond
  • Spawn Location: 5:00

Samwise

  • Race: Protoss Protoss
  • League: Diamond
  • Spawn Location: 11:00

VOD

Have the link to the VOD?

Description

Time

  • Played on: Sept. 10, 2020, 9:03 p.m.
  • Length: 7:30
Show
View Real Time Build Order
Export as new Build Order

Wickster Terran - Winner!

Build Orders:  

Get SALT Encoding   

  12  0:00  SCV  
  13  0:21  Supply Depot  
  13  0:22  SCV  
  14  0:34  SCV  
  15  0:45  Barracks  
  15  0:46  SCV  
  16  0:53  Barracks  
  16  1:00  Supply Depot  
  16  1:12  SCV  
  16  1:17  Refinery  
  17  1:20  Refinery  
  17  1:24  SCV  
  18  1:33  Marine  
  19  1:40  Orbital Command  
  19  1:41  Marine  
  20  1:52  Marine  
  21  2:00  Marine  
  22  2:07  Factory, SCV  
  23  2:10  Marine  
  24  2:19  SCV, Barracks Tech Lab  
  25  2:31  SCV  
  25  2:36  Supply Depot  
  26  2:41  Barracks Reactor  
  26  2:42  Marauder  
  26  2:43  SCV  
  29  2:45  Concussive Shells  
  29  2:55  SCV  
  30  2:58  Factory Tech Lab  
  30  3:07  SCV  
  30  3:09  Marauder  
  30  3:11  Supply Depot  
  33  3:17  Siege Tank  
  33  3:19  SCV, Marine  
  38  3:22  Marine  
  39  3:29  Supply Depot  
  39  3:33  Combat Shield  
  39  3:35  SCV  
  39  3:40  Marine  
  41  3:41  Marine  
  41  3:47  Marauder  
  44  3:49  SCV  
  45  3:56  Siege Tank  
  45  4:01  Supply Depot  
  48  4:03  SCV  
  48  4:06  Marine  
  50  4:14  Marauder  
  50  4:16  Marine  
  53  4:19  SCV  
  54  4:38  Marine x2  
  54  4:39  Marauder  
  54  4:40  Siege Tank  
  60  4:57  Marine x2  
  60  4:59  Engineering Bay  
  62  5:11  Marauder  
  61  5:15  Marine x2  
  61  5:20  Supply Depot  
  63  5:29  Missile Turret  
  63  5:41  Siege Tank  
  63  5:42  Marauder  
  52  5:50  Marine  
  52  5:51  Marine  
  52  5:52  SCV  
  51  6:03  Marauder  
  53  6:08  Marine x2  
  53  6:10  SCV  
  56  6:13  Siege Tank  
  59  6:24  Marauder  
  61  6:26  Starport, Marine x2  
  61  6:30  Supply Depot  
  63  6:44  Marine  
  56  6:48  Marine  
  56  6:49  Marine  
  50  7:03  Marine  
  50  7:05  Marine  
  50  7:07  Marauder  
Show
View Real Time Build Order
Export as new Build Order

Samwise Protoss 

Build Orders: 1 Gate Expand, Phoenix Opening, Blink Stalkers 

Get SALT Encoding   

  12  0:00  Probe  
  13  0:12  Probe  
  14  0:17  Pylon  
  14  0:24  Probe (Chrono Boost)  
  15  0:37  Probe (Chrono Boost)  
  15  0:39  Gateway  
  16  0:44  Probe (Chrono Boost)  
  16  0:47  Assimilator  
  17  0:51  Probe  
  18  1:03  Probe  
  19  1:15  Probe  
  20  1:27  Cybernetics Core  
  20  1:33  Nexus  
  20  1:39  Pylon  
  20  1:42  Probe  
  21  1:48  Assimilator  
  21  1:54  Probe  
  22  2:00  Gateway  
  22  2:05  Stalker (Chrono Boost)  
  24  2:12  Probe  
  25  2:19  Warp Gate  
  25  2:24  Probe  
  25  2:27  Stalker  
  28  2:33  Shield Battery  
  28  2:36  Probe  
  29  2:47  Stalker  
  29  2:48  Probe  
  32  2:51  Probe  
  32  2:57  Sentry  
  35  3:00  Probe  
  36  3:07  Twilight Council  
  36  3:10  Probe (Chrono Boost)  
  38  3:17  Probe (Chrono Boost)  
  39  3:21  Probe (Chrono Boost)  
  39  3:26  Probe x2 (Chrono Boost), Pylon  
  40  3:32  Pylon  
  41  3:36  Probe x2  
  41  3:38  Stalker  
  45  3:42  Phoenix  
  45  3:45  Sentry  
  47  3:49  Probe x2  
  47  3:52  Assimilator  
  49  3:57  Blink (Chrono Boost)  
  49  4:01  Probe x2  
  51  4:03  Gateway  
  51  4:14  Probe x2  
  51  4:16  Assimilator  
  53  4:26  Robotics Facility, Probe x2  
  55  4:38  Probe x2  
  55  4:40  Stalker  
  55  4:41  Stalker  
  60  4:50  Probe x2  
  62  4:52  Pylon  
  62  4:55  Shield Battery  
  62  4:56  Pylon  
  62  5:07  Pylon  
  62  5:10  Probe x2  
  64  5:18  Immortal  
  64  5:19  Stalker  
  70  5:25  Probe  
  70  5:26  Stalker x2, Pylon  
  55  5:48  Stalker  
  34  5:57  Stalker x2  
  34  6:02  Probe  
  34  6:03  Probe  
  38  6:11  Immortal (Chrono Boost)  
  38  6:13  Stalker  
  38  6:18  Probe x2  
  46  6:25  Stalker x2  
  50  6:30  Probe x2  
  52  6:42  Probe x2  
  39  6:56  Stalker x3  
  47  7:12  Probe  
Tags
 
Add a new tag
Caveats
  • Supply blocks, unpowered buildings, or Contaminate may cause inaccurate times.
  • Supply counts are checked every 10 seconds.